 Dungeon Crawl Stone Soup version 0.29.0-4-gdea44cf6ec (webtiles) character file.

Game seed: 14337513854459902824

1683 qw the Cleaver (level 9, -5/55 HPs)
             Began as a Gargoyle Fighter on Sept 8, 2022.
             Slain by a wight
             ... wielding a +0 halberd
              (11 damage)
             ... on level 6 of the Dungeon.
             The game lasted 00:02:40 (7215 turns).

qw the Cleaver (Gargoyle Fighter)                   Turns: 7215, Time: 00:02:40

Health: -5/55      AC: 15    Str: 23    XL:     9   Next: 2%
Magic:  9/9        EV:  7    Int: 10    God:
Gold:   277        SH:  4    Dex:  9    Spells: 8/8 levels left

rFire   . . .      SeeInvis .   Y - +0 war axe
rCold   . . .      Faith    .   c - +0 buckler
rNeg    + . .      Spirit   .   e - +0 chain mail
rPois   inf        Reflect  .   (no helmet)
rElec   +          Harm     .   (no cloak)
rCorr   .          Rampage  .   (no gloves)
Will    .....                   (no boots)
Stlth   ..........              (no amulet)
HPRegen 0.18/turn               (no ring)
MPRegen 0.11/turn               (no ring)

@: no status effects
A: sickness immunity, AC +6, negative energy resistance 1, electricity
resistance, torment resistance 1, petrification resistance
a: no special abilities


You were on level 6 of the Dungeon.
You visited 1 branch of the dungeon, and saw 6 of its levels.

You collected 277 gold pieces.


Innate Abilities, Weirdness & Mutations

You are immune to sickness and miasma.
Your stone body is resilient. (AC +6)
You are immune to poison.
You resist negative energy. (rN+)
You are resistant to electric shocks. (rElec)
You are resistant to unholy torment.
You are immune to petrification.


   Skills:
 - Level 6.0 Fighting
 - Level 9.0 Axes
 + Level 2.3 Throwing
 - Level 3.2 Armour
 - Level 1.1 Dodging
 - Level 3.2 Shields


You had 8 spell levels left.
You didn't know any spells.
Your spell library was empty.

Inventory:

Hand Weapons
 j - a +0 flail
 Y - a +0 war axe (weapon)
Missiles
 g - 4 silver javelins (quivered)
Armour
 c - a +0 buckler (worn)
 e - a +0 chain mail (worn)
Jewellery
 l - a ring of magical power
Scrolls
 a - a scroll of identify
Potions
 b - 2 potions of curing
 d - 3 potions of might
 h - a potion of lignification {unknown}
 i - a potion of mutation {unknown}
 k - 2 potions of heal wounds {unknown}

Dungeon Overview and Level Annotations

Branches:
Dungeon (6/15)
 Temple: D:4-7

Altars:
Cheibriados
Elyvilon
Xom
Yredelemnul
Zin
The Shining One


Message History

You hit the wight but do no damage.
The wight is severely damaged.
The wight hits you but does no damage. The wight barely misses you.
You block the wight's attack.
You hit the wight.
The wight is almost destroyed.
The wight closely misses you. You block the wight's attack.
The wight hits you but does no damage.
The wight hits you from afar with a +0 halberd.
The wight barely misses you. x2
You closely miss the wight.
The wight is almost destroyed.
You block the wight's attack.
The wight hits you from afar with a +0 halberd.
You block the wight's attack.
You slash the wight!
You destroy the wight!
The wight hits you but does no damage. The wight barely misses you.
Your Axes skill increases to level 9!
You have reached level 9!
Your experience leads to an increase in your attributes!
Increase (S)trength, (I)ntelligence, or (D)exterity?
You feel stronger. x2
The wight hits you with a +0 spear. The wight barely misses you.
You hit the wight.
The wight is moderately damaged.
You hit the wight but do no damage. The wight hits you with a +0 spear.
The wight hits you with a +0 halberd!
You hit the wight but do no damage.
The wight is moderately damaged.
You completely miss the wight. The wight hits you with a +0 spear.
The wight hits you with a +0 halberd.
You barely miss the wight.
The wight is moderately damaged.
You hit the wight. The wight hits you but does no damage.
You block the wight's attack.
You barely miss the wight.
The wight is moderately damaged.
You hit the wight but do no damage. The wight hits you but does no damage.
The wight hits you with a +0 halberd!
You die...

#.## ##..##
###....####....#
#..####..## ##...##
.....
#.........#####...##
....
.............#...##
...
.#..####........##
.. ##.## #...###..#
# #..# #.<## #..##
#.## #..# ##).# ..#
##..# #.@# .## #..##
#zz# .# #..# ##..#
.# #### #.... .###
###.... #..## ####(.
##..# # ####


You could see 2 wights.

Vanquished Creatures
  Sigmund (D:3)
  A steam dragon (D:6)
  Pargi (D:3)
  An ice beast (D:5)
  A black bear (D:6)
  An ogre (D:4)
  A centaur (D:5)
  A phantom (D:5)
  A kobold brigand (D:5)
  A necrophage (D:5)
  2 scorpions
  A wight (D:6)
  A howler monkey (D:5)
  3 hounds
  A jelly (D:5)
  3 iguanas
  Jessica (D:3)
  A mummy (D:5)
  11 adders
  5 gnolls
  2 shadow imps
  A white imp (D:5)
  2 worms
  2 dart slugs (D:1)
  An orc (D:3)
  5 ball pythons
  10 endoplasms
  2 giant cockroaches (D:4)
  8 goblins
  7 hobgoblins
  7 jackals
  13 kobolds
  4 quokkas (D:1)
  5 bats
  7 frilled lizards
  A kobold zombie (D:5)
  An orc zombie (D:5)
  5 rats
  A spectral goblin (D:2)
123 creatures vanquished.

Vanquished Creatures (others)
  A scorpion (D:6)
1 creature vanquished.

Grand Total: 124 creatures vanquished

Notes
Turn   | Place    | Note
-------+----------+-------------------------------------------
     0 | D:1      | qw the Gargoyle Fighter began the quest for the Orb.
     0 | D:1      | Reached XP level 1. HP: 14/14 MP: 1/1
     0 | D:1      | 0 ||| qw: Version: 0.1-a-111-g1c1fd2e
     0 | D:1      | 0 ||| qw: Game counter: 6636
     0 | D:1      | 0 ||| qw: Always use a shield: true
     0 | D:1      | 0 ||| qw: God list: Okawaru
     0 | D:1      | 0 ||| qw: Allow faded altars: false
     0 | D:1      | 0 ||| qw: Do Orc after D:15 true
     0 | D:1      | 0 ||| qw: Do second Lair branch before Depths: true
     0 | D:1      | 0 ||| qw: Lair rune preference: random
     0 | D:1      | 0 ||| qw: Plans: Normal, Zot, God:TSO, Crypt, Tomb, Zig,
                  | Orb
     0 | D:1      | 0 ||| PLANNING D:1-11
    99 | D:1      | Reached skill level 2 in Axes
   505 | D:1      | Reached XP level 2. HP: 14/19 MP: 2/2
   647 | D:1      | Reached skill level 3 in Axes
   647 | D:1      | Reached XP level 3. HP: 23/23 MP: 3/3
   981 | D:1      | 981 ||| Stepping ~*~*~tactically~*~*~ (stealth).
  1066 | D:1      | 1066 ||| Stepping ~*~*~tactically~*~*~ (stealth).
  1333 | D:1      | 1333 ||| READING 3 scrolls labelled NEOMEM KYEHU.
  1334 | D:1      | 1334 ||| READING scroll labelled KEWOEH CEZ HEL.
  1387 | D:1      | 1387 ||| READING scroll labelled XAOXZE NOR LIMM.
  1388 | D:1      | 1388 ||| READING scroll labelled XOSAWI BASIQE.
  1389 | D:1      | 1389 ||| READING 2 scrolls of identify.
  1389 | D:1      | 1389 ||| IDENTIFYING fizzy white potion
  1390 | D:1      | 1390 ||| DROPPING potion of degeneration.
  1425 | D:2      | Found a faded altar of an unknown god.
  1472 | D:2      | Reached XP level 4. HP: 25/28 MP: 4/4
  1704 | D:2      | Reached skill level 4 in Axes
  1829 | D:2      | 1829 ||| Stepping ~*~*~tactically~*~*~ (stealth).
  1832 | D:2      | 1832 ||| Stepping ~*~*~tactically~*~*~ (stealth).
  1833 | D:2      | 1833 ||| Stepping ~*~*~tactically~*~*~ (stealth).
  1837 | D:2      | 1837 ||| Stepping ~*~*~tactically~*~*~ (stealth).
  2211 | D:2      | 2211 ||| Stepping ~*~*~tactically~*~*~ (stealth).
  2213 | D:2      | 2213 ||| Stepping ~*~*~tactically~*~*~ (stealth).
  2216 | D:2      | 2216 ||| Stepping ~*~*~tactically~*~*~ (stealth).
  2218 | D:2      | 2218 ||| Stepping ~*~*~tactically~*~*~ (stealth).
  2440 | D:2      | 2440 ||| UPGRADING to +0 chain mail.
  2450 | D:2      | 2450 ||| DROPPING +0 scale mail.
  2451 | D:2      | 2451 ||| READING 2 scrolls labelled QARISHRIE KENYT.
  2454 | D:2      | 2454 ||| READING 2 scrolls labelled CUDUNT GUOFFAI.
  2455 | D:2      | 2455 ||| READING scroll labelled RAULUPHEBLI.
  2456 | D:2      | 2456 ||| DRINKING 2 glowing cyan potions.
  2457 | D:2      | 2457 ||| READING 2 scrolls of identify.
  2457 | D:2      | 2457 ||| IDENTIFYING grey potion
  2458 | D:2      | 2458 ||| DROPPING potion of brilliance.
  2459 | D:2      | 2459 ||| DROPPING scroll of immolation.
  2460 | D:2      | 2460 ||| DROPPING potion of flight.
  2499 | D:3      | Noticed Pargi
  2500 | D:3      | 2500 ||| Stepping ~*~*~tactically~*~*~ (stealth).
  2516 | D:3      | Killed Pargi
  2517 | D:3      | Reached skill level 5 in Axes
  2517 | D:3      | Reached XP level 5. HP: 11/32 MP: 5/5
  2590 | D:3      | 2590 ||| Stepping ~*~*~tactically~*~*~ (stealth).
  2721 | D:3      | 2721 ||| Stepping ~*~*~tactically~*~*~ (stealth).
  2737 | D:3      | Reached XP level 6. HP: 32/38 MP: 6/6
  2836 | D:3      | 2836 ||| Stepping ~*~*~tactically~*~*~ (stealth).
  2844 | D:3      | 2844 ||| Stepping ~*~*~tactically~*~*~ (stealth).
  2846 | D:3      | 2846 ||| Stepping ~*~*~tactically~*~*~ (stealth).
  2875 | D:3      | 2875 ||| Stepping ~*~*~tactically~*~*~ (stealth).
  2880 | D:3      | 2880 ||| Stepping ~*~*~tactically~*~*~ (stealth).
  2885 | D:3      | 2885 ||| Stepping ~*~*~tactically~*~*~ (stealth).
  3004 | D:3      | Noticed Sigmund
  3012 | D:3      | Killed Sigmund
  3013 | D:3      | Reached skill level 6 in Axes
  3013 | D:3      | Reached XP level 7. HP: 40/43 MP: 7/7
  3190 | D:3      | Found a basalt altar of Yredelemnul.
  3297 | D:3      | Noticed Jessica
  3317 | D:3      | Killed Jessica
  3318 | D:3      | Reached skill level 1 in Dodging
  3369 | D:3      | Found a shimmering altar of Xom.
  3553 | D:3      | Found a glowing silver altar of Zin.
  3554 | D:3      | Found a glowing golden altar of the Shining One.
  3556 | D:3      | Found a white marble altar of Elyvilon.
  3647 | D:3      | 3647 ||| DRINKING 3 white potions.
  3700 | D:4      | 3700 ||| Stepping ~*~*~tactically~*~*~ (stealth).
  4585 | D:4      | Reached skill level 7 in Axes
  4880 | D:4      | 4880 ||| READING scroll labelled TUR LAEH FOETU.
  4881 | D:4      | 4881 ||| READING scroll labelled PEMAEDOHEO.
  5049 | D:3      | Found a snail-covered altar of Cheibriados.
  5097 | D:5      | Entered Level 5 of the Dungeon
  5098 | D:5      | 5098 ||| PLANNING OSSUARY
  5110 | D:5      | 5110 ||| Stepping ~*~*~tactically~*~*~ (stealth).
  5457 | D:5      | 5457 ||| DROPPING +0 whip.
  5665 | D:5      | 5665 ||| Stepping ~*~*~tactically~*~*~ (stealth).
  5675 | D:5      | Reached XP level 8. HP: 49/49 MP: 8/8
  5690 | D:5      | Found a sand-covered staircase.
  5780 | D:5      | 5780 ||| READING scroll labelled ZOEBBA BICEFE.
  5912 | D:5      | 5912 ||| Stepping ~*~*~tactically~*~*~ (stealth).
  5919 | D:5      | Reached skill level 1 in Throwing
  5987 | D:5      | 5987 ||| RIP OSSUARY
  5987 | D:5      | 5987 ||| PLANNING D:1-11
  6369 | D:5      | Reached skill level 8 in Axes
  6443 | D:5      | 6443 ||| DRINKING 2 fizzy golden potions.
  6444 | D:5      | 6444 ||| DROPPING potion of magic.
  6483 | D:6      | 6483 ||| STAIRDANCE
  6492 | D:6      | 6492 ||| STAIRDANCE
  6632 | D:6      | Reached skill level 6 in Fighting
  6686 | D:6      | HP: 11/51 [steam dragon (3)]
  6687 | D:6      | 6687 ||| READING 2 scrolls of teleportation.
  6687 | D:6      | HP: 3/51 [steam dragon (8)]
  6690 | D:6      | 6690 ||| FLEEEEING.
  6700 | D:6      | 6700 ||| Stepping ~*~*~tactically~*~*~ (hiding).
  6702 | D:6      | 6702 ||| Stepping ~*~*~tactically~*~*~ (hiding).
  6705 | D:6      | 6705 ||| READING scroll of teleportation.
  6707 | D:6      | HP: 4/51 [shadow imp (3)]
  6998 | D:6      | 6998 ||| Stepping ~*~*~tactically~*~*~ (hiding).
  6999 | D:6      | 6999 ||| Stepping ~*~*~tactically~*~*~ (hiding).
  7195 | D:6      | 7195 ||| Stepping ~*~*~tactically~*~*~ (stealth).
  7197 | D:6      | 7197 ||| Stepping ~*~*~tactically~*~*~ (hiding).
  7198 | D:6      | 7198 ||| Stepping ~*~*~tactically~*~*~ (hiding).
  7199 | D:6      | 7199 ||| Stepping ~*~*~tactically~*~*~ (hiding).
  7211 | D:6      | Reached skill level 9 in Axes
  7211 | D:6      | Reached XP level 9. HP: 32/55 MP: 9/9
  7212 | D:6      | HP: 12/55 [wight/+0 halberd (11)]
  7215 | D:6      | Slain by a wight

Levels and vault maps discovered:
D:1:      ebering_trefoil_3fold, layout_basic
D:2:      layout_loops_cross, dreamdust_ecumenical_altar_drowned_temple,
          serial_rivers, chequers_serial_rivers_room_a,
          chequers_serial_rivers_micro_d, chequers_serial_rivers_small_a,
          chequers_serial_rivers_micro_b, chequers_serial_rivers_small_b,
          chequers_serial_rivers_small_3
D:3:      layout_loops_cross, good_gods_temple_1, mainiacjoe_overflow_brackets,
          nicolae_overflow_hidden_temple, minmay_fractal_squares_diagonal_5,
          uniq_sigmund, uniq_jessica, uniq_pargi
D:4:      layout_layer_cave, amcnicky_mini_pool_small
D:5:      layout_basic, nicolae_ossuary_entry_giza
D:6:      layout_layer_cave

Skill      XL: |  1  2  3  4  5  6  7  8 |
---------------+-------------------------+-----
Axes           | 2 3 5 6 7 9 |  9.0
Fighting       | 4 5 6 |  6.0
Dodging        | 1 |  1.1
Throwing       | 2 |  2.3
Armour         | |  3.2
Shields        | |  3.2

Action                   |  1- 3 |  4- 6 |  7- 9 || total
-------------------------+-------+-------+-------++-------
Melee: War axe           |    99 |   153 |   223 ||   475
Throw: Boomerang         |    37 |       |       ||    37
       Javelin           |       |       |    17 ||    17
  Use: Scroll            |     5 |     4 |     5 ||    14
       Potion            |       |     1 |     2 ||     3
Armor: Scale mail        |    49 |    53 |       ||   102
       Chain mail        |       |    45 |   146 ||   191
Dodge: Dodged            |    44 |    66 |    91 ||   201
Block: Buckler           |    21 |    29 |    46 ||    96

Table legend:
 A = Non-vault XP
 B = Vault XP
 C = Vault XP percentage of total XP
 D = Non-vault monster count
 E = Vault monster count
 F = Vault count percentage of total count
                 A         B        C        D         E       F
            +---------+---------+-------+---------+---------+-------
      Total |    1947 |     458 |  19.0 |     107 |      17 |  13.7
            +---------+---------+-------+---------+---------+-------
        D:1 |      71 |       0 |   0.0 |      33 |       0 |   0.0
        D:2 |      86 |       1 |   1.1 |      21 |       1 |   4.5
        D:3 |     131 |     437 |  76.9 |      11 |      13 |  54.2
        D:4 |     228 |       0 |   0.0 |      11 |       0 |   0.0
        D:5 |     849 |      20 |   2.3 |      20 |       3 |  13.0
        D:6 |     582 |       0 |   0.0 |      11 |       0 |   0.0
            +---------+---------+-------+---------+---------+-------
